 Dungeon Crawl Stone Soup version 0.29-a0-334-gb41bcbb86e (webtiles) character file.

Game seed: 9361742655087738836

1440 chopper the Covered (level 8, 0/69 HPs)
             Began as a Minotaur Fighter on Apr 15, 2022.
             Was an Initiate of Okawaru.
             Slain by a vampire mosquito (8 damage)
             ... on level 7 of the Dungeon.
             The game lasted 00:46:46 (7626 turns).

chopper the Covered (Minotaur Fighter)              Turns: 7626, Time: 00:46:46

Health: 0/69       AC: 13    Str: 25    XL:     8   Next: 46%
Magic:  7/7        EV:  9    Int:  8    God:    Okawaru [......]
Gold:   246        SH:  5    Dex: 13    Spells: 7/7 levels left

rFire   + . .      SeeInvis .   b - +7 falchion of Bunlylet {drain, Will+ Str+5 Int+3}
rCold   + . .      Faith    .   c - +0 buckler
rNeg    . . .      Spirit   .   p - +0 chain mail
rPois   .          Reflect  .   (helmet restricted)
rElec   .          Harm     .   (no cloak)
rCorr   .          Rampage  .   l - +0 pair of gloves
Will    +....                   n - +0 pair of boots
Stlth   ..........              (no amulet)
HPRegen 0.21/turn               m - ring of protection from cold
MPRegen 0.10/turn               j - ring of protection from fire

@: invisible
A: horns 2, retaliatory headbutt
a: Renounce Religion


You were on level 7 of the Dungeon.
You worshipped Okawaru.
Okawaru was noncommittal.
You visited 2 branches of the dungeon, and saw 8 of its levels.

You collected 246 gold pieces.

Inventory:

Hand Weapons
 a - a +0 war axe
 b - the +7 falchion of Bunlylet (weapon) {drain, Will+ Str+5 Int+3}
   (You found it on level 5 of the Dungeon)

   A truly terrible weapon, it drains the life of any living foe it strikes.
   Str:       It affects your strength (+5).
   Int:       It affects your intelligence (+3).
   Will:      It increases your willpower.
 k - a +2 hand axe of venom
Missiles
 u - a boomerang (quivered)
Armour
 c - a +0 buckler (worn)
 l - a +0 pair of gloves (worn)
 n - a +0 pair of boots (worn)
 p - a +0 chain mail (worn)
Jewellery
 j - a ring of protection from fire (right hand)
 m - a ring of protection from cold (left hand)
Scrolls
 e - a scroll of fear {unknown}
 g - a scroll of silence
 i - 2 scrolls of enchant armour
 q - 2 scrolls of teleportation
 r - a scroll of amnesia
 s - a scroll of enchant weapon
Potions
 d - a potion of might
 f - 3 potions of mutation {unknown}
 h - a potion of magic {unknown}
 o - 4 potions of curing
 v - a potion of degeneration {unknown}


   Skills:
 + Level 5.5 Fighting
 + Level 4.0 Long Blades
 + Level 6.4 Axes
 + Level 7.8 Armour
 + Level 2.8 Dodging
 + Level 1.1 Stealth
 + Level 5.9 Shields


You had 7 spell levels left.
You didn't know any spells.
Your spell library contained the following spells:

 Spells                   Type           Power      Damage    Failure   Level
 Foxfire                  Conj/Fire      0%         2x1d4     97%         1
 Shock                    Conj/Air       0%         1d3       97%         1
 Conjure Flame            Conj/Fire      0%         6-21      100%        3
 Inner Flame              Hex/Fire       0%         N/A       100%        3
 Swiftness                Air            0%         N/A       100%        3
 Airstrike                Air            0%         N/A       100%        4
 Anguish                  Hex/Necr       0%         N/A       100%        4
 Flame Wave               Conj/Fire      0%         2d4       100%        4
 Enfeeble                 Hex            0%         N/A       100%        7
 Tukima's Dance           Hex            Unusable   N/A       N/A         3

Dungeon Overview and Level Annotations

Branches:
Dungeon (7/15)             Temple (1/1) D:4

Altars:
Ashenzari
Cheibriados
Dithmenos
Elyvilon
Gozag
Hepliaklqana
Kikubaaqudgha
Makhleb
Nemelex Xobeh
Okawaru
Qazlal
Ru
Sif Muna
Trog
Uskayaw
Vehumet
Wu Jian
Xom
Yredelemnul
Zin
The Shining One

Shops:
D:4 [

Annotations:
D:6 1 runed translucent door, Crazy Yiuf


Innate Abilities, Weirdness & Mutations

You have a pair of horns on your head.
You reflexively headbutt those who attack you in melee.


Message History

The vampire mosquito bites you.
The vampire mosquito draws strength from your injuries!
You fade into invisibility!
The vampire mosquito bites you.
* * * LOW HITPOINT WARNING * * *
The vampire mosquito draws strength from your injuries!
The vampire mosquito closely misses you.
The vampire mosquito bites you!
* * * LOW HITPOINT WARNING * * *
The vampire mosquito draws strength from your injuries!
The vampire mosquito bites you but does no damage.
The vampire mosquito closely misses you.
The vampire mosquito bites you but does no damage. x3
You block the vampire mosquito's attack.
The vampire mosquito closely misses you.
The vampire mosquito bites you but does no damage.
Your surroundings suddenly seem different.
Throw: 2 boomerangs
Press: ? - help, Q - select action Shift-Dir - straight line, f - vampire mosquito
Aim: a vampire mosquito (moderately damaged, can't see you, 40% to hit)
You throw a boomerang.
The boomerang barely misses the vampire mosquito.
You barely miss the vampire mosquito.
Your headbutt misses the vampire mosquito.
The vampire mosquito is lightly damaged.
You block the vampire mosquito's attack.
The vampire mosquito bites you but does no damage.
You hit the vampire mosquito.
The vampire mosquito is moderately damaged.
The vampire mosquito closely misses you.
The vampire mosquito bites you but does no damage.
The vampire mosquito bites you.
* * * LOW HITPOINT WARNING * * *
The vampire mosquito draws strength from your injuries!
You hit the vampire mosquito.
Your headbutt misses the vampire mosquito.
The vampire mosquito is heavily damaged.
The vampire mosquito bites you but does no damage.
The vampire mosquito bites you!
You die...

..... .... ...........
.... ......... ..... ...
... ..... .. #.. #.#
.....#
..###..##.########.....#
.......................+
...............y@......#
.......................#
...##.....###...##.....#
##.....########.....#
#....................
#...................#
#...................#
#.y..................
#..y.##.####.#..#


You could see a vampire mosquito (can't see you).

Vanquished Creatures
  2 water moccasins (D:6)
  A black bear (D:5)
  A sky beast (D:5)
  An ice beast (D:3)
  2 ogres (D:6)
  2 centaurs (D:5)
  A necrophage (D:6)
  A bullfrog (D:2)
  A scorpion (D:5)
  A hound (D:5)
  4 iguanas
  An orc wizard (D:7)
  7 gnolls
  14 adders
  2 ufetubi
  A worm (D:4)
  A dart slug (D:2)
  13 orcs
  10 ball pythons
  4 bats
  7 endoplasms
  2 giant cockroaches
  8 hobgoblins
  2 quokkas
  4 frilled lizards
  6 goblins
  5 kobolds
  6 rats
110 creatures vanquished.

Vanquished Creatures (others)
  9 plants (D:4)
9 creatures vanquished.

Grand Total: 119 creatures vanquished

Notes
Turn   | Place    | Note
-------+----------+-------------------------------------------
     0 | D:1      | chopper the Minotaur Fighter began the quest for the Orb.
     0 | D:1      | Reached XP level 1. HP: 19/19 MP: 0/0
    95 | D:1      | Reached skill level 4 in Armour
   182 | D:1      | Reached XP level 2. HP: 27/27 MP: 1/1
   215 | D:1      | Found a faded altar of an unknown god.
   244 | D:1      | Found a faded altar of an unknown god.
   857 | D:2      | Reached XP level 3. HP: 31/33 MP: 2/2
  1632 | D:2      | Reached XP level 4. HP: 40/40 MP: 3/3
  2039 | D:3      | Noticed an ice beast
  2056 | D:3      | Killed an ice beast
  2057 | D:3      | Reached XP level 5. HP: 23/47 MP: 4/4
  2072 | D:3      | Reached skill level 5 in Armour
  2284 | D:3      | Reached skill level 1 in Dodging
  2506 | D:3      | Reached XP level 6. HP: 49/53 MP: 5/5
  3538 | D:4      | Found Dentit's Armour Shop.
  3995 | D:4      | Found a staircase to the Ecumenical Temple.
  4233 | D:5      | Entered Level 5 of the Dungeon
  4432 | D:5      | Reached skill level 5 in Axes
  4432 | D:5      | Reached skill level 6 in Armour
  4443 | D:5      | Noticed a sky beast
  4450 | D:5      | Killed a sky beast
  4451 | D:5      | Reached XP level 7. HP: 29/60 MP: 6/6
  4456 | D:5      | Reached skill level 5 in Fighting
  4724 | D:5      | Reached skill level 5 in Shields
  4793 | D:5      | Identified the +7 falchion of Bunlylet {drain, Will+ Str+5
                  | Int+3}
  5476 | D:5      | Reached skill level 1 in Stealth
  5537 | Temple   | Entered the Ecumenical Temple
  5982 | Temple   | Became a worshipper of Warmaster Okawaru
  6185 | D:6      | Reached skill level 1 in Long Blades
  6217 | D:6      | Reached skill level 7 in Armour
  6220 | D:6      | Reached XP level 8. HP: 57/68 MP: 7/7
  6803 | D:6      | Reached * piety under Okawaru
  7199 | D:6      | Found a runed translucent door.
  7426 | D:6      | Noticed Crazy Yiuf
  7626 | D:7      | Slain by a vampire mosquito

Illustrated notes

Levels and vault maps discovered:
D:1:      lemuel_arrival_river_passageway, layout_rooms,
          hellmonk_ecumenical_altar_the_god_not_taken, chequers_jeans,
          minmay_misc_feat_iff, kennysheep_decorative_pillar
D:2:      layout_basic, serial_co_window_serial, co_window_paths_b,
          co_window_corner_a, co_window_of_opportunity_a, co_window_corner_a,
          co_window_of_opportunity_a, co_window_corner_a, co_window_paths_a,
          co_window_unsneaky_path_e, co_window_of_opportunity_b,
          co_window_unsneaky_path_b, co_window_broadway_a,
          co_window_of_opportunity_c, co_window_unsneaky_path_b,
          co_window_paths_d
D:3:      layout_basic, serial_glass, glass_columns_b, glass_columns_a
D:4:      layout_basic, minmay_temple_entry_from_below_b, minmay_fountain_box,
          serial_bayou_lagoon_a, fountainhead, kennysheep_windowed_goal
D:5:      layout_basic
D:6:      layout_layer_cave, minmay_misc_feat_square, uniq_crazy_yiuf_cottage
D:7:      layout_gridville
Temple:   mainiacjoe_temple_hex_bubbles

Skill      XL: |  1  2  3  4  5  6  7  8 |
---------------+-------------------------+-----
Armour         | 4 5 6 7 |  7.8
Shields        | 4 5 |  5.9
Fighting       | 4 5 |  5.5
Axes           | 3 4 5 6 |  6.4
Dodging        | 1 2 |  2.8
Stealth        | 1 |  1.1
Long Blades    | 1 4 |  4.0

Action                   |  1- 3 |  4- 6 |  7- 9 || total
-------------------------+-------+-------+-------++-------
Melee: War axe           |     6 |       |       ||     6
       Headbutt          |     6 |    27 |    14 ||    47
       Hand axe          |    49 |   109 |    19 ||   177
       Falchion          |       |       |    82 ||    82
Throw: Boomerang         |       |       |     2 ||     2
  Use: Scroll            |       |    11 |     3 ||    14
       Potion            |       |       |     1 ||     1
Armor: Scale mail        |    30 |    34 |       ||    64
       Chain mail        |       |    21 |    86 ||   107
Dodge: Dodged            |    25 |    44 |    55 ||   124
Block: Buckler           |    14 |    34 |    55 ||   103

Table legend: (Time is in decaauts)
 A = Elapsed time spent in this place.
 B = Non-inter-level travel time spent in this place.
 C = Inter-level travel time spent in this place.
 D = Time resting spent in this place.
 E = Time spent auto-exploring this place.
 F = Levels seen in this place.
 G = Mean time per level.
                   A        B        C        D        E       F      G
               +--------+--------+--------+--------+--------+-----+--------+
         Total |   7683 |   7683 |      0 |    894 |      0 |   8 |  960.4 |
       Dungeon |   7157 |   7157 |      0 |    894 |      0 |   7 | 1022.4 |
        Temple |    525 |    525 |      0 |      0 |      0 |   1 |  525.0 |
               +--------+--------+--------+--------+--------+-----+--------+

Top non-repeatable levels by time:
     D:5: 1378 daAuts
     D:2: 1366 daAuts
     D:4: 1221 daAuts
     D:3: 1138 daAuts
     D:6: 1137 daAuts
     D:1: 758 daAuts
  Temple: 525 daAuts
     D:7: 156 daAuts
